 Dungeon Crawl Stone Soup version 0.31-a0-246-g8cbcc1cb85 (webtiles) character file.

Game seed: 587910538888525303

114 qw the Shooter (level 4, -1/26 HPs)
             Began as a Gargoyle Hexslinger on July 12, 2023.
             Slain by a gnoll
             ... wielding a +0 flail
              (5 damage)
             ... on level 3 of the Dungeon.
             The game lasted 00:00:38 (1465 turns).

qw the Shooter (Gargoyle Hexslinger)                Turns: 1465, Time: 00:00:38

Health: -1/26      AC:  9    Str: 11    XL:     4   Next: 98%
Magic:  5/5        EV: 10    Int: 14    God:
Gold:   109        SH:  0    Dex: 14    Spells: 4/5 levels left

rFire   . . .        Y - +1 sling
rCold   . . .        (no shield)
rNeg    + . .        e - +0 ring mail
rPois   inf          (no helmet)
rElec   +            f - +0 cloak
rCorr   .            (no gloves)
SInv    .            (no boots)
Will    .....        (no amulet)
Stlth   +            (no ring)
HPRegen 0.24/turn    (no ring)
MPRegen 0.09/turn

%: no passive effects
@: no status effects
A: sickness immunity, AC +3, negative energy resistance 1, electricity
resistance, torment resistance 1, petrification resistance
a: no special abilities


You were on level 3 of the Dungeon.
You visited 1 branch of the dungeon, and saw 3 of its levels.

You collected 109 gold pieces.


Innate Abilities, Weirdness & Mutations

You are immune to sickness and miasma.
Your stone body is resilient. (AC +3)
You are immune to poison.
You resist negative energy. (rN+)
You are resistant to electric shocks. (rElec)
You are resistant to unholy torment.
You are immune to petrification.


   Skills:
 - Level 2.0 Fighting
 + Level 4.5 Ranged Weapons
 - Level 1.1 Armour
 - Level 1.5 Dodging
 - Level 1.0 Spellcasting
 - Level 2.6 Hexes


You had 4 spell levels left.
You knew the following spells:

 Your Spells              Type           Power      Damage    Failure   Level
a - Slow                  Hex            32%        N/A       21%         1

Your spell library contained the following spells:

 Spells                   Type           Power      Damage    Failure   Level
 Inner Flame              Hex/Fire       4%         N/A       71%         3
 Portal Projectile        Hex/Tloc       8%         N/A       71%         3
 Cause Fear               Hex            4%         N/A       90%         4

Inventory:

Hand Weapons
 Y - a +1 sling (weapon)
Armour
 e - a +0 ring mail (worn)
 f - a +0 cloak (worn)
Potions
 b - a potion of might {unknown}
 d - a potion of heal wounds {unknown}
 g - a potion of berserk rage {unknown}

Dungeon Overview and Level Annotations

Branches:
Dungeon (3/15)

Altars:
Wu Jian

Shops:
D:1 ?


Message History

The adder is almost dead.
The adder bites you but does no damage. x2
You shoot a sling bullet. The sling bullet hits the adder!
You kill the adder!
The gnoll hits you with a +0 flail.
You shoot a sling bullet.
The sling bullet hits the gnoll but does no damage.
The gnoll barely misses you.
You shoot a sling bullet.
The sling bullet hits the gnoll but does no damage.
The gnoll hits you with a +0 flail. The gnoll barely misses you.
You shoot a sling bullet.
The sling bullet closely misses the gnoll.
The sling bullet completely misses the gnoll.
The sling bullet hits the gnoll.
The gnoll is moderately wounded.
The gnoll closely misses you.
You shoot a sling bullet.
The sling bullet barely misses the gnoll.
The sling bullet closely misses the gnoll.
The sling bullet hits the gnoll.
The gnoll is heavily wounded.
The gnoll closely misses you.
You shoot a sling bullet.
The sling bullet completely misses the gnoll.
The sling bullet hits the gnoll.
You kill the gnoll!
The gnoll hits you with a +0 flail!
A ball python comes into view.
The gnoll hits you but does no damage.
You shoot a sling bullet. The ball python hisses angrily.
The sling bullet hits the gnoll.
The gnoll is moderately wounded.
The gnoll hits you with a +0 flail!
You shoot a sling bullet.
The sling bullet hits the gnoll but does no damage.
The gnoll is moderately wounded.
The gnoll hits you with a +0 flail.
You die...

......... #..###### ..
#..# #.. ..# #..# #.#
#.. #..# #.# #.. #..#
#.# #.# #..# #.# #.#
#..###.#######.#######..
................@gg.S...
#.####.#######.#####.#..
######..........#
#.....#######..#
##..#### ##.# ..#.# #.#
....# #.# ....# #.#
...## #.#


You could see 2 gnolls and a ball python.

Vanquished Creatures
  A gnoll (D:3)
  6 adders
  An ufetubus (D:3)
  A worm (D:2)
  A dart slug (D:1)
  5 bats
  5 endoplasms
  A giant cockroach (D:1)
  A goblin (D:2)
  3 hobgoblins (D:1)
  3 jackals (D:2)
  A quokka (D:1)
  5 ball pythons
  A frilled lizard (D:1)
  3 kobolds
  4 rats (D:2)
42 creatures vanquished.

Notes
Turn   | Place    | Note
-------+----------+-------------------------------------------
     0 | D:1      | qw the Gargoyle Hexslinger began the quest for the Orb.
     0 | D:1      | Reached XP level 1. HP: 12/12 MP: 2/2
     0 | D:1      | Noticed a spriggan
     0 | D:1      | 0 ||| qw: Version: 0.3-a-52-g30416fa
     0 | D:1      | 0 ||| qw: Game counter: 6418
     0 | D:1      | 0 ||| qw: Melee chars always use a shield: true
     0 | D:1      | 0 ||| qw: God list: Okawaru
     0 | D:1      | 0 ||| qw: Allow faded altars: false
     0 | D:1      | 0 ||| qw: Do Orc after clearing Dungeon:15 true
     0 | D:1      | 0 ||| qw: Do second Lair branch before Depths: true
     0 | D:1      | 0 ||| qw: Lair rune preference: random
     0 | D:1      | 0 ||| qw: Goals: Normal
     0 | D:1      | 0 ||| PLANNING D:1-11
     2 | D:1      | Noticed a merfolk zombie
     4 | D:1      | Noticed a ghoul
     6 | D:1      | Noticed an ogre
    13 | D:1      | Noticed a ghoul
    19 | D:1      | Noticed a vine stalker
   137 | D:1      | Found Eressem's Magic Scroll Emporium.
   144 | D:1      | 144 ||| SHOPLISTING scroll of brand weapon (133 gold, have
                  | 12).
   144 | D:1      | 144 ||| SHOPLISTING scroll of enchant weapon (105 gold,
                  | have 12).
   144 | D:1      | 144 ||| SHOPLISTING scroll of identify (28 gold, have 12).
   144 | D:1      | 144 ||| SHOPLISTING scroll of teleportation (42 gold, have
                  | 12).
   173 | D:1      | Reached XP level 2. HP: 16/16 MP: 3/3
   356 | D:1      | Reached skill level 3 in Ranged Weapons
   742 | D:1      | 742 ||| UPGRADING to +0 ring mail.
   752 | D:1      | 752 ||| DROPPING +0 robe.
   753 | D:1      | 753 ||| UPGRADING to +0 cloak.
   758 | D:1      | 758 ||| DROPPING scroll of poison.
   872 | D:2      | Found an ornate altar of the Wu Jian Council.
   877 | D:2      | Reached XP level 3. HP: 21/21 MP: 4/4
   898 | D:2      | Reached skill level 1 in Armour
  1075 | D:2      | Reached XP level 4. HP: 26/26 MP: 5/5
  1164 | D:2      | Identified the +5 war axe of Uvvud {speed, Will+ Dex+5
                  | Stlth+}
  1250 | D:2      | Reached skill level 4 in Ranged Weapons
  1379 | D:2      | 1379 ||| READING scroll labelled TELIK VAEJY.
  1380 | D:2      | 1380 ||| READING scroll labelled RENUIF FIREH.
  1464 | D:3      | HP: 3/26 [gnoll/+0 flail (9)]
  1465 | D:3      | Slain by a gnoll

Levels and vault maps discovered:
D:1:      shiori_arrival_whats_in_store_for_you, layout_basic, serial_shops,
          shop, grunt_decor_one_mirror, hangedman_abyss_or_decor_lesser_grid,
          chequers_serial_rivers_micro_e, chequers_decorated_corner
D:2:      layout_basic, basic_altar
D:3:      minmay_chambers_of_twos, layout_basic, uniq_crazy_yiuf_cottage

Skill      XL: |  1  2  3  4 |
---------------+-------------+-----
Ranged Weapons | 3 4 |  4.5
Fighting       | 2 |  2.0
Armour         | 1 |  1.1
Dodging        | |  1.5
Spellcasting   | |  1.0
Hexes          | |  2.6

Action                     |  1- 3 |  4- 6 || total
---------------------------+-------+-------++-------
   Fire: Sling             |    88 |    74 ||   162
    Use: Scroll            |       |     2 ||     2
 Armour: Robe              |     1 |       ||     1
         Ring mail         |    13 |    51 ||    64
  Dodge: Dodged            |    33 |    48 ||    81

Table legend:
 A = Non-vault XP
 B = Vault XP
 C = Vault XP percentage of total XP
 D = Non-vault monster count
 E = Vault monster count
 F = Vault count percentage of total count
                 A         B        C        D         E       F
            +---------+---------+-------+---------+---------+-------
      Total |     164 |       0 |   0.0 |      42 |       0 |   0.0
            +---------+---------+-------+---------+---------+-------
        D:1 |      31 |       0 |   0.0 |      17 |       0 |   0.0
        D:2 |      98 |       0 |   0.0 |      22 |       0 |   0.0
        D:3 |      35 |       0 |   0.0 |       3 |       0 |   0.0
            +---------+---------+-------+---------+---------+-------
